 Dungeon Crawl Stone Soup version 0.30.0-10-gfe55d96785 (webtiles) character file.

Game seed: 1386120720745073297

3 SnakkuSnakku7 the Insei (level 1, 12/12 HPs)
             Began as a Kobold Transmuter on May 14, 2023.
             Got out of the dungeon alive.
             The game lasted 00:00:24 (108 turns).

SnakkuSnakku7 the Insei (Kobold Transmuter)          Turns: 108, Time: 00:00:25

Health: 12/12      AC:  2    Str:  7    XL:     1   Next: 55%
Magic:  3/3        EV: 15    Int: 14    God:
Gold:   0          SH:  0    Dex: 15    Spells: 3/4 levels left

rFire   . .          .
                       - Unarmed
rCold   . . .        (no shield)
rNeg    . . .        a - +0 robe
rPois   .            (no helmet)
rElec   .            (no cloak)
rCorr   .            (no gloves)
SInv    .            (no boots)
Will    .....        (no amulet)
Stlth   ++           (no ring)
HPRegen 0.22/turn    (no ring)
MPRegen 0.08/turn

%: no passive effects
@: no status effects
A: small, no large weapons, nightstalker 3
a: no special abilities


You escaped.
You visited 1 branch of the dungeon, and saw 1 of its levels.

Inventory:

Armour
 a - a +0 robe (worn)
Potions
 b - a potion of lignification


   Skills:
 + Level 1.4 Fighting
 - Level 2.4 Dodging
 + Level 3.1 Unarmed Combat
 - Level 2.1 Spellcasting
 - Level 2.0 Transmutations


You had 3 spell levels left.
You knew the following spells:

 Your Spells              Type           Power      Damage    Failure   Level
a - Beastly Appendage     Tmut           14%        N/A       11%         1

Your spell library contained the following spells:

 Spells                   Type           Power      Damage    Failure   Level
 Wereblood                Tmut           7%         N/A       16%         2
 Spider Form              Tmut/Pois      4%         N/A       43%         3
 Ice Form                 Ice/Tmut       4%         N/A       83%         4


Dungeon Overview and Level Annotations

Branches:
Dungeon (1/15)

Altars:


Innate Abilities, Weirdness & Mutations

You are small and have problems with some larger weapons.
You are completely attuned to the shadows.


Message History

The frilled lizard hisses angrily.
The frilled lizard completely misses you.
Unknown command.
You miss the frilled lizard. You claw the frilled lizard.
You kill the frilled lizard!
Your horns disappear.
Your talons disappear.
You see here a frilled lizard corpse.
As you open the door, it creaks loudly!
You hear a shout!
A rat comes into view.
You grow a pair of large bovine horns.
Your feet morph into talons.
The helpless rat fails to defend itself.
You hit the rat.
You kill the rat!
Your transformation is almost over.
Magic restored.
Your horns disappear.
Your talons disappear.
A ball python comes into view.
A ball python is nearby!
The ball python hisses angrily.
The ball python closely misses you. The ball python barely misses you.
You hit the ball python.
The ball python is severely wounded.
The ball python closely misses you. The ball python misses you.
You barely miss the ball python.
The ball python is severely wounded.
The ball python closely misses you. The ball python barely misses you.
You closely miss the ball python.
The ball python is severely wounded.
The ball python closely misses you. The ball python grabs you.
The ball python constricts you.
You hit the ball python.
You kill the ball python!
There is a staircase leading out of the dungeon here.
Are you sure you want to leave the Dungeon?
This will make you lose the game!
Alright, then stay!
Unknown command.
Unknown command.
Unknown command.
Are you sure you want to leave the Dungeon?
This will make you lose the game!
You have escaped!

#. ... ##~##~##
#.##.###~P~~P~##
#.....#~P8PP8P~#
.....###.P..P~##
#.........@....
#...###.♣..P~##
#####...##~♣8♣P8P~#
.....)..###~♣~~P~##
#.......# ## ##~##
###.......#
..........####
..............
##.......#####


There were no monsters in sight!

Vanquished Creatures
  A goblin (D:1)
  A ball python (D:1)
  A frilled lizard (D:1)
  A rat (D:1)
4 creatures vanquished.

Notes
Turn   | Place    | Note
-------+----------+-------------------------------------------
     0 | D:1      | SnakkuSnakku7 the Kobold Transmuter began the quest for the
                  | Orb.
     0 | D:1      | Reached XP level 1. HP: 12/12 MP: 3/3
    22 | D:1      | Noticed a +0 giant club
   108 | D:$      | Got out of the dungeon alive.

Illustrated notes

Levels and vault maps discovered:
D:1:      ldierk_walled_garden_2, layout_basic, serial_shops,
          nicolae_shop_mannequins, shapermc_ecumenical_altar_notcrosses

Action                     || total
---------------------------++-------
  Melee: Unarmed           ||     7
         Kick              ||     2
   Cast: Beastly Appendage ||     2
   Stab: Sleeping          ||     1
  Dodge: Dodged            ||     9
